 Dungeon Crawl Stone Soup version 0.29.1-15-g9cfb28693d (webtiles) character file.

Game seed: 8095976620121431154

37 Gabide the Trooper (level 3, 0/29 HPs)
             Began as a Mummy Berserker on Feb 27, 2023.
             Was a Follower of Trog.
             Slain by a hobgoblin (3 damage)
             ... led by Robin
             ... on level 1 of the Dungeon.
             The game lasted 00:01:27 (1269 turns).

Gabide the Trooper (Mummy Berserker)                Turns: 1269, Time: 00:01:28

Health: 0/29       AC:  3    Str: 22    XL:     3   Next: 23%
Magic:  3/3        EV: 12    Int:  6    God:    Trog [*.....]
Gold:   55         SH:  0    Dex: 11    Spells: 2/2 levels left

rFire   x . .      SeeInvis .     - Unarmed
rCold   + . .      Faith    .   (no shield)
rNeg    + + +      Spirit   .   c - +0 leather armour
rPois   ∞          Reflect  .   (no helmet)
rElec   .          Harm     .   (no cloak)
rCorr   .          Rampage  .   (no gloves)
Will    .....                   (no boots)
Stlth   +.........              (no amulet)
HPRegen 0.09/turn               (no ring)
MPRegen 0.08/turn               (no ring)

@: no status effects
A: cold resistance 1, negative energy resistance 3, torment resistance 2, heat
vulnerability 1, in touch with death 1, no potions
a: Renounce Religion


You were on level 1 of the Dungeon.
You worshipped Trog.
Trog was aware of your devotion.
You visited 1 branch of the dungeon, and saw 2 of its levels.

You collected 55 gold pieces.

Inventory:

Armour
 c - a +0 leather armour (worn)
Scrolls
 b - a scroll of teleportation {unknown}


   Skills:
 + Level 3.3 Fighting
 - Level 1.5 Armour
 + Level 2.0 Dodging
 * Level 3.1 Unarmed Combat


You had 2 spell levels left.
You didn't know any spells.
Your spell library was empty.

Dungeon Overview and Level Annotations

Branches:
Dungeon (2/15)

Altars:

Annotations:
D:2 Robin


Innate Abilities, Weirdness & Mutations

You are immune to poison.
Your flesh is cold resistant. (rC+)
You are immune to negative energy. (rN+++)
You are immune to unholy pain and torment.
You are vulnerable to heat. (rF-)
You are in touch with the powers of death.
You do not drink.


Message History

You hit the goblin but do no damage.
The goblin is heavily wounded.
The hobgoblin hits you. The goblin closely misses you.
The goblin hits you with a +0 club.
Unknown command.
Unknown command.
Unknown command.
You hit the goblin.
You kill the goblin!
Trog accepts your kill. The hobgoblin hits you.
The goblin hits you with a +0 club.
* * * LOW HITPOINT WARNING * * *
You hit the hobgoblin.
The hobgoblin is severely wounded.
The hobgoblin closely misses you. The goblin barely misses you.
You closely miss the hobgoblin.
The hobgoblin is severely wounded.
The hobgoblin barely misses you. The goblin hits you but does no damage.
You hit the hobgoblin.
You kill the hobgoblin!
Trog accepts your kill. The goblin closely misses you.
The goblin attacks as you move away! The goblin barely misses you.
You see here a +0 club.
You see here a +0 animal skin.
You barely miss the goblin. The goblin hits you with a +0 club.
* * * LOW HITPOINT WARNING * * *
You closely miss the goblin. The goblin hits you with a +0 club.
* * * LOW HITPOINT WARNING * * *
You closely miss the goblin. The goblin barely misses you.
You punch the goblin!
You kill the goblin!
Trog accepts your kill.
The hobgoblin hits you but does no damage.
Things that are here:
a +0 club; a +0 animal skin; a goblin corpse You hit the hobgoblin but do no damage.
The hobgoblin hits you.
* * * LOW HITPOINT WARNING * * *
You closely miss the hobgoblin. The hobgoblin hits you.
You die...

#).# #.##.####.. #..#
#.##.# #... #..#
#####....# #..# #..#
#.....##.# #..# #..#
#.###.##.# #..# #..#
####.###.##.# #... #..#
#)>.........####.. #..#
#g##.######..# #.. #..#
#@##.# #....# ##.
#..###.##.####.#..## ##
#...........)......## #
#......##.######....###
########### #.......
#....... #####..# #..#
#..#


You could see a hobgoblin.

Vanquished Creatures
  A dart slug (D:1)
  A bat (D:1)
  2 endoplasms (D:1)
  3 giant cockroaches (D:1)
  8 goblins (D:1)
  6 hobgoblins (D:1)
  2 kobolds (D:1)
  A quokka (D:1)
  2 ball pythons (D:1)
  2 frilled lizards (D:1)
  2 rats (D:1)
30 creatures vanquished.

Notes
Turn   | Place    | Note
-------+----------+-------------------------------------------
     0 | D:1      | Gabide the Mummy Berserker began the quest for the Orb.
     0 | D:1      | Reached XP level 1. HP: 18/18 MP: 1/1
   327 | D:1      | Reached XP level 2. HP: 22/24 MP: 2/2
   811 | D:1      | Reached ** piety under Trog
  1202 | D:2      | Noticed Robin
  1209 | D:1      | Gained mutation: You are in touch with the powers of death.
                  | [Mummy growth]
  1209 | D:1      | Reached XP level 3. HP: 12/29 MP: 3/3
  1269 | D:1      | Slain by a hobgoblin

Illustrated notes

Levels and vault maps discovered:
D:1:      dpeg_arrival_concentric_ovals, layout_loops_ring
D:2:      layout_loops_ring, uniq_robin

Skill      XL: |  1  2 |
---------------+-------+-----
Dodging        | 2 |  2.0
Unarmed Combat | 3 |  3.1
Fighting       | |  3.3
Armour         | |  1.5

Action                   || total
-------------------------++-------
Melee: Unarmed           ||   101
       Punch             ||     1
Invok: Trog's Hand       ||     1
 Stab: Sleeping          ||     2
Armor: Animal skin       ||    12
       Leather armour    ||     9
Dodge: Dodged            ||    66
